Map: [ESL] Site Delta

Players

NightMare

  • Race: Protoss Protoss
  • Spawn Location: 5:00

Cure - Winner!

  • Race: Terran Terran
  • Spawn Location: 11:00

Event: ESL Spring 2024 Finals

VOD

Have the link to the VOD?

Description

Time

  • Played on: June 1, 2024, 11:57 a.m.
  • Length: 9:04

All games in this series

Show
View Real Time Build Order
Export as new Build Order

NightMare Protoss 

Build Orders: 1 Gate Expand, Blink Stalkers, Colossus Rush 

Get SALT Encoding   

  12  0:00  Probe  
  13  0:12  Probe  
  14  0:18  Pylon  
  14  0:25  Probe (Chrono Boost)  
  15  0:37  Probe (Chrono Boost)  
  15  0:38  Gateway  
  16  0:44  Assimilator  
  16  0:46  Probe (Chrono Boost)  
  17  0:52  Probe  
  18  1:04  Probe  
  19  1:16  Probe  
  20  1:25  Cybernetics Core  
  20  1:33  Nexus  
  20  1:38  Pylon  
  20  1:41  Probe  
  21  1:47  Assimilator  
  21  1:53  Probe  
  22  1:58  Adept (Chrono Boost)  
  24  2:03  Warp Gate  
  24  2:05  Probe  
  25  2:17  Probe (Chrono Boost)  
  25  2:21  Stalker  
  28  2:29  Probe (Chrono Boost)  
  29  2:33  Twilight Council  
  29  2:35  Probe (Chrono Boost)  
  30  2:42  Gateway  
  31  2:44  Probe  
  31  2:46  Probe  
  31  2:50  Shield Battery  
  32  2:56  Stalker (Chrono Boost)  
  34  2:58  Probe  
  34  3:03  Probe  
  36  3:06  Blink (Chrono Boost)  
  36  3:15  Probe  
  36  3:16  Probe  
  38  3:26  Gateway  
  38  3:29  Probe x2  
  40  3:34  Pylon  
  40  3:37  Robotics Facility  
  40  3:41  Probe  
  40  3:42  Pylon  
  40  3:43  Probe  
  42  3:52  Stalker  
  42  3:53  Stalker  
  46  3:56  Probe  
  46  3:57  Probe  
  48  4:08  Probe  
  50  4:11  Assimilator  
  50  4:13  Assimilator  
  50  4:17  Stalker x2  
  46  4:33  Warp Prism (Chrono Boost)  
  46  4:34  Probe  
  47  4:41  Stalker x2  
  47  4:43  Probe (Chrono Boost)  
  52  4:48  Probe (Chrono Boost)  
  53  4:52  Robotics Bay  
  53  4:55  Probe (Chrono Boost)  
  55  5:03  Probe x2 (Chrono Boost)  
  56  5:07  Pylon  
  56  5:10  Probe  
  56  5:11  Probe  
  48  5:22  Probe  
  48  5:23  Probe  
  48  5:25  Stalker  
  48  5:26  Stalker  
  54  5:34  Probe  
  54  5:35  Probe  
  56  5:38  Colossus (Chrono Boost)  
  62  5:44  Extended Thermal Lance  
  62  5:47  Probe  
  63  6:02  Probe x2  
  64  6:13  Zealot  
  64  6:15  Charge  
  64  6:17  Gateway  
  66  6:27  Pylon  
  66  6:41  Colossus (Chrono Boost)  
  66  6:42  Nexus  
  66  6:46  Pylon  
  72  6:47  Probe x2  
  72  6:49  Sentry  
  72  6:52  Sentry  
  78  6:55  Shield Battery  
  78  7:00  Pylon  
  78  7:04  Probe x2  
  78  7:16  Pylon, Probe  
  78  7:19  Stalker  
  78  7:20  Stalker x2  
  85  7:23  Sentry  
  85  7:24  Probe  
  85  7:28  Probe  
  89  7:34  Gateway  
  89  7:36  Probe  
  82  7:40  Shield Battery  
  82  7:43  Probe  
  83  7:44  Stalker x2  
  83  7:48  Disruptor (Chrono Boost)  
  83  7:49  Probe  
  92  7:56  Probe  
  92  7:57  Zealot x2  
  96  8:04  Gateway  
  96  8:06  Gateway  
  96  8:10  Probe x2  
  89  8:28  Stalker x4  
  89  8:29  Stalker  
  89  8:32  Probe x3  
  72  8:51  Zealot x4  
  72  8:54  Zealot  
Show
View Real Time Build Order
Export as new Build Order

Cure Terran - Winner!

Build Orders:  

Get SALT Encoding   

  12  0:00  SCV  
  13  0:12  SCV  
  14  0:17  Supply Depot  
  14  0:24  SCV  
  15  0:39  SCV, Barracks  
  15  0:42  Refinery  
  16  0:51  SCV  
  17  1:03  SCV  
  18  1:15  SCV  
  19  1:27  Orbital Command  
  20  1:34  Command Center  
  20  1:37  Marine  
  20  1:49  Factory  
  20  1:53  SCV  
  21  1:58  Refinery  
  21  2:02  Barracks Reactor  
  21  2:05  SCV  
  22  2:10  Supply Depot  
  22  2:17  SCV  
  23  2:31  SCV  
  23  2:33  Starport  
  24  2:41  Hellion x2  
  24  2:43  SCV  
  29  2:47  Orbital Command  
  29  2:51  Marine  
  29  2:55  SCV  
  31  3:04  Widow Mine x2  
  35  3:08  SCV  
  36  3:16  SCV  
  36  3:18  Medivac  
  39  3:27  Supply Depot, Widow Mine x2  
  41  3:29  SCV  
  41  3:30  SCV  
  45  3:35  Barracks Tech Lab  
  45  3:41  SCV, Refinery  
  45  3:45  Supply Depot  
  46  3:48  SCV  
  46  3:49  Starport Tech Lab  
  46  3:54  SCV  
  48  4:00  SCV  
  48  4:01  Siege Tank, Marine x2  
  54  4:06  Supply Depot  
  54  4:08  Raven  
  54  4:09  SCV  
  57  4:12  SCV  
  58  4:20  Barracks  
  56  4:25  SCV x2  
  56  4:31  Marine x2  
  54  4:34  Siege Tank  
  54  4:37  SCV x2, Bunker  
  57  4:44  Supply Depot  
  57  4:49  SCV x2  
  57  4:50  Marine x2  
  57  4:52  Barracks  
  61  4:59  Engineering Bay  
  61  5:00  Supply Depot  
  61  5:01  SCV  
  61  5:06  Siege Tank  
  65  5:09  Marine x2  
  68  5:14  SCV x2  
  66  5:25  Marauder  
  66  5:26  Stimpack  
  66  5:27  SCV, Marine x2  
  66  5:28  SCV  
  71  5:31  Refinery  
  71  5:32  Terran Infantry Weapons Level 1  
  71  5:34  Starport Reactor  
  71  5:40  Supply Depot  
  71  5:44  SCV x2  
  71  5:45  Marine x2  
  71  5:46  Marauder  
  77  5:52  Barracks Tech Lab  
  77  5:54  Siege Tank  
  77  5:56  SCV x2  
  80  6:06  Supply Depot  
  80  6:10  Marine x2, Marauder  
  80  6:11  Combat Shield, Marauder, Medivac  
  86  6:14  Supply Depot  
  86  6:15  Medivac  
  90  6:32  Marine x2  
  94  6:33  Marauder x2  
  94  6:35  Siege Tank  
  94  6:39  Supply Depot  
  98  6:45  Command Center  
  98  6:50  Viking  
  98  6:52  Viking  
  104  6:58  Marauder  
  106  7:01  Marine, Marauder  
  106  7:02  Marine  
  106  7:03  Barracks  
  106  7:04  Barracks  
  106  7:08  SCV x2  
  109  7:14  Siege Tank  
  109  7:20  Viking  
  111  7:24  Viking  
  111  7:26  Supply Depot x2  
  113  7:30  SCV x2  
  113  7:34  Concussive Shells, Marauder  
  113  7:35  Marine  
  118  7:48  Marine, Marauder  
  118  7:49  SCV x2  
  123  7:53  Barracks Reactor  
  123  7:54  Marine  
  123  7:55  Marauder  
  126  8:00  Factory Reactor  
  126  8:05  Marine, Marauder  
  128  8:09  Marauder, Medivac  
  128  8:10  SCV x2  
  135  8:22  SCV  
  135  8:23  SCV  
  132  8:30  Marauder x2  
  130  8:35  Marine x4, Marauder  
  130  8:36  SCV x2  
  127  8:48  SCV  
  127  8:49  SCV  
Tags
 
Add a new tag
Caveats
  • Supply blocks, unpowered buildings, or Contaminate may cause inaccurate times.
  • Supply counts are checked every 10 seconds.